AoeStats
← Marbas

Lombardia

507797162Analyzed
4v4 RM · 13d ago on Sep 19, 2026· 61m 43s· 8 players
Game mode
Random Map
Map size
Large (8 player)
Population
200
Speed
Normal
Resources
Standard
Victory
Conquest
Starting age
Dark Age
Ending age
Imperial Age
RankedLock teamsTeams togetherTeam positionsShared explorationLock speedFull tech treeHidden civsTurbo modeCheats
Victory
Defeat
🇷🇺 Magyars · Russia
1801
+12
🇨🇳 Teutons · China
1713
+16
🇹🇷 Chinese · Türkiye
1685
+17
🇷🇺 Wu · Russia
1664
+18
🇳🇱 Armenians · Netherlands
1793
-19
🇩🇪 Turks · Germany
1792
-19
🇳🇱 Vietnamese · Netherlands
1751
-17
🇺🇸 Mapuche · United States
1515
-8
CNZS_HiFive
11:11 Feudal Age
12:56 Loom
16:32 Castle Age
14:15 Horse Collar
14:40 Double-Bit Axe
18:33 Bow Saw
20:25 Wheelbarrow
19:53 Heavy Plow
23:15 Hand Cart
25:20 Town Watch
25:26 Gold Mining
30:41 Imperial Age
28:15 Scale Mail Armor
28:25 Forging
29:09 Coinage
28:56 Stone Mining
30:27 Chain Mail Armor
30:47 Iron Casting
31:54 Banking
31:35 Guilds
31:46 Conscription
32:46 Chemistry
31:14 Onager
31:28 Heavy Scorpion
32:56 Plate Mail Armor
33:51 Ballistics
33:39 Siege Engineers
33:56 Ballistics
33:51 Elite Teutonic Knight
37:14 Blast Furnace
37:35 Crenellations
37:40 Ironclad
38:51 Fletching
39:17 Siege Onager
41:15 Hoardings
41:47 Bloodlines
40:57 Cavalier
41:07 Capped Ram
42:39 Paladin
43:30 Scale Barding Armor
43:22 Bodkin Arrow
48:13 Squires
47:59 Gambesons
47:59 Arson
47:35 Pikeman
53:39 Caravan
58:58 Crop Rotation
Marbas
7:06 Loom
9:33 Feudal Age
10:13 Double-Bit Axe
12:13 Horse Collar
12:20 Double-Bit Axe
17:03 Castle Age
15:58 Fletching
18:27 Bow Saw
23:38 Town Watch
23:30 Elite Skirmisher
26:38 Wheelbarrow
28:06 Hand Cart
33:28 Imperial Age
31:09 Squires
31:10 Scale Mail Armor
32:31 Chain Mail Armor
33:25 Forging
34:43 Conscription
34:58 Plate Mail Armor
35:34 Arson
36:55 Iron Casting
36:32 Treadmill Crane
38:53 Two-Man Saw
38:19 Pikeman
41:22 Blast Furnace
42:36 Halberdier
43:17 Stone Mining
43:21 Gold Mining
47:31 Ballistics
47:10 Bodkin Arrow
48:32 Stone Shaft Mining
48:37 Gold Shaft Mining
50:51 Chemistry
49:53 Bracer
52:54 Padded Archer Armor
54:40 Leather Archer Armor
57:49 Masonry
61:24 Architecture
62:00 Guilds
Jugband
0:29 Loom
9:52 Feudal Age
13:54 Castle Age
11:46 Double-Bit Axe
11:56 Horse Collar
16:09 Bow Saw
22:45 Wheelbarrow
23:28 Gold Mining
23:43 Heavy Plow
24:50 Hand Cart
24:47 Stone Mining
28:45 Ballistics
31:50 Imperial Age
29:44 Fletching
30:39 Bodkin Arrow
31:16 Padded Archer Armor
32:45 Bracer
33:46 Chemistry
33:32 Conscription
35:39 Rocketry
34:47 Elite Chu Ko Nu
36:13 Leather Archer Armor
38:12 Ring Archer Armor
39:31 Coinage
40:01 Two-Man Saw
39:09 Scale Barding Armor
39:14 Forging
39:49 Scale Mail Armor
40:48 Banking
40:18 Caravan
41:55 Iron Casting
41:35 Chain Mail Armor
40:42 Pikeman
41:22 Squires
42:31 Halberdier
42:57 Arson
44:10 Plate Mail Armor
44:41 Blast Furnace
46:23 Chain Barding Armor
48:08 Plate Barding Armor
58:34 Elite Fire Lancer
PLEBUSHEK
6:14 Loom
8:29 Feudal Age
9:08 Double-Bit Axe
13:33 Scale Barding Armor
18:11 Bloodlines
25:08 Castle Age
23:21 Horse Collar
26:22 Wheelbarrow
26:15 Husbandry
25:35 Light Cavalry
26:36 Chain Barding Armor
26:48 Gold Mining
28:11 Bow Saw
29:59 Hand Cart
30:41 Fletching
37:27 Imperial Age
35:05 Heavy Plow
36:27 Town Watch
36:40 Stone Mining
37:26 Gold Shaft Mining
37:30 Cavalier
38:46 Plate Barding Armor
37:56 Hussar
40:21 Two-Man Saw
39:35 Paladin
40:59 Crop Rotation
41:37 Conscription
41:19 Corvinian Army
40:59 Sappers
41:30 Corvinian Army
42:32 Elite Magyar Huszar
48:34 Hoardings
49:18 Treadmill Crane
49:44 Siege Engineers
50:39 Masonry
51:19 Coinage
50:50 Caravan
52:02 Town Patrol
53:30 Banking
Hans the Waller
6:45 Loom
8:56 Feudal Age
9:52 Double-Bit Axe
10:40 Horse Collar
16:53 Scale Barding Armor
18:03 Forging
19:06 Bloodlines
22:57 Castle Age
21:02 Gold Mining
25:11 Wheelbarrow
24:47 Bow Saw
24:38 Heavy Plow
25:36 Gold Shaft Mining
24:57 Stone Mining
26:45 Hand Cart
26:17 Town Watch
27:38 Gold Shaft Mining
33:30 Imperial Age
30:53 Fletching
31:03 Padded Archer Armor
31:47 Bodkin Arrow
33:01 Leather Archer Armor
34:00 Elite Composite Bowman
35:52 Chemistry
34:54 Bracer
36:26 Herbal Medicine
35:56 Capped Ram
37:10 Ballistics
38:11 Ring Archer Armor
37:07 Siege Ram
38:51 Conscription
38:13 Elite Skirmisher
40:44 Guard Tower
41:04 Fortified Wall
41:06 Masonry
45:11 Chain Barding Armor
45:27 Iron Casting
44:58 Light Cavalry
45:38 Husbandry
45:49 Imperial Skirmisher
55:59 Blast Furnace
Bohnski
6:39 Loom
9:12 Feudal Age
10:09 Double-Bit Axe
10:37 Horse Collar
16:20 Bloodlines
21:22 Castle Age
20:55 Wheelbarrow
20:38 Fletching
22:20 Husbandry
22:33 Bow Saw
22:34 Bodkin Arrow
26:31 Padded Archer Armor
29:26 Hand Cart
31:59 Leather Archer Armor
32:45 Thumb Ring
33:03 Ballistics
35:15 Imperial Age
36:23 Bracer
36:53 Ring Archer Armor
35:46 Heavy Cavalry Archer
36:52 Parthian Tactics
38:18 Sipahi
40:35 Conscription
41:45 Heavy Plow
42:46 Two-Man Saw
42:42 Scale Barding Armor
42:47 Forging
43:05 Artillery
44:32 Chain Barding Armor
45:50 Plate Barding Armor
45:51 Iron Casting
46:43 Scale Mail Armor
47:51 Caravan
51:28 Blast Furnace
Loki
6:07 Loom
8:49 Feudal Age
9:32 Double-Bit Axe
14:04 Fletching
17:44 Horse Collar
18:52 Wheelbarrow
21:15 Padded Archer Armor
24:15 Castle Age
24:17 Crossbowman
24:53 Bodkin Arrow
25:13 Leather Archer Armor
24:54 Bodkin Arrow
25:11 Bow Saw
31:05 Hand Cart
31:08 Heavy Plow
37:25 Imperial Age
35:29 Ballistics
35:20 Gold Mining
35:20 Stone Mining
36:41 Stone Shaft Mining
38:01 Scale Barding Armor
38:07 Forging
39:49 Chain Barding Armor
38:58 Elite Battle Elephant
39:49 Bloodlines
39:40 Husbandry
40:16 Iron Casting
40:25 Crop Rotation
40:56 Two-Man Saw
41:18 Plate Barding Armor
41:32 Chatras
42:46 Chemistry
46:51 Siege Engineers
49:06 Scale Mail Armor
48:42 Light Cavalry
48:45 Pikeman
49:26 Squires
50:33 Chain Mail Armor
50:06 Arson
52:58 Plate Mail Armor
51:56 Halberdier
54:50 Caravan
59:34 Town Watch
2rich4u81
10:15 Feudal Age
15:40 Castle Age
14:35 Double-Bit Axe
15:05 Horse Collar
15:21 Gold Mining
15:55 Fletching
16:18 Loom
18:04 Bow Saw
19:33 Bodkin Arrow
21:40 Padded Archer Armor
21:55 Heavy Plow
26:21 Leather Archer Armor
37:39 Imperial Age
35:46 Wheelbarrow
37:41 Caravan
39:41 Coinage
41:20 Banking
43:30 Conscription
43:19 Elite Bolas Rider
45:07 Elite Kona
46:57 Forging
53:04 Ring Archer Armor
53:10 Iron Casting
52:36 Scale Mail Armor
56:34 Blast Furnace
56:18 Pikeman
56:44 Arson
57:30 Chain Mail Armor
59:26 Halberdier
60:37 Plate Mail Armor
Connection lost

Rejoining the realm…

Still unreachable

The connection could not be restored.

Session expired

The server has moved on; the page needs a fresh start.